 Dungeon Crawl Stone Soup version 0.23.1-37-gaa34b87 (webtiles) character file.

Game seed: 13165332462818640488

130066 nuthulu the Severer (level 16, 0/125 HPs)
             Began as a Demonspawn Abyssal Knight on Mar 22, 2019.
             Was the Champion of Lugonu.
             Drowned by a drowned soul (12 damage)
             ... summoned by a merfolk avatar
             ... on level 4 of the Shoals.
             The game lasted 00:59:20 (32731 turns).

nuthulu the Severer (Demonspawn Abyssal Knight)    Turns: 32731, Time: 00:59:21

Health: 0/125      AC: 25    Str: 20    XL:     16   Next: 52%
Magic:  0/23       EV: 13    Int: 10    God:    Lugonu [******]
Gold:   760        SH: 14    Dex: 14    Spells: 15/15 levels left

rFire    + . .     SeeInvis .   P - +7 broad axe (chop)
rCold    + . .     Gourm    .   n - +0 shield {rF+}
rNeg     + . .     Faith    .   z - +0 plate armour
rPois    +         Spirit   +   I - +2 helmet "Bedis" {rN+ Slay+2}
rElec    .         Reflect  .   T - scarf {Spirit}
rCorr    .         Harm     .   S - +2 pair of gloves
MR       ++...                  v - +2 pair of boots
Stlth    ..........             q - amulet of the acrobat
HPRegen  0.30/turn              W - +5 ring of evasion
MPRegen  0.18/turn              i - ring of poison resistance

@: mesmerised, very slow
A: talons 1, slimy green scales 2, cold resistance 1, dopey 2, foul stench 2,
magic resistance 1, spiny 2, strong 1, rot immunity
a: Depart the Abyss, Bend Space, Banish, Corrupt, Enter the Abyss, Brand Weapon
With Distortion, Renounce Religion


You were on level 4 of the Shoals.
You worshipped Lugonu.
Lugonu was exalted by your worship.
You were not hungry.

You visited 4 branches of the dungeon, and saw 27 of its levels.
You visited the Abyss 1 time.

You collected 2426 gold pieces.
You spent 1666 gold pieces at shops.

Inventory:

Hand Weapons
 a - a +7 hand axe of draining
 P - a +7 broad axe of chopping (weapon)
Missiles
 Y - a throwing net (quivered)
Armour
 n - a +0 shield of fire resistance (worn)
 v - a +2 pair of boots (worn)
 y - a +2 cloak of invisibility
 z - a +0 plate armour (worn)
 I - the +2 helmet "Bedis" (worn) {rN+ Slay+2}
   (You bought it in a shop on level 2 of the Orcish Mines)

   It affects your accuracy and damage with ranged weapons and melee attacks
   (+2).
   It protects you from negative energy.
 S - a +2 pair of gloves (worn)
 T - a scarf of spirit shield (worn)
Jewellery
 d - a +2 ring of protection
 i - a ring of poison resistance (right hand)
 p - an uncursed ring of magical power
 q - an amulet of the acrobat (around neck)
 t - the ring "Ihom" {rC+ Int+3 Stlth+}
   (You found it on level 9 of the Dungeon)

   [ring of stealth]

   It affects your intelligence (+3).
   It protects you from cold.
   It makes you more stealthy.
 x - an uncursed ring of positive energy
 C - an uncursed ring of positive energy
 R - a +4 ring of evasion
 W - a +5 ring of evasion (left hand)
Wands
 j - a wand of polymorph (17)
 m - a wand of enslavement (14)
 w - a wand of paralysis (4)
 A - a wand of flame (27)
 D - a wand of random effects (20)
 K - a wand of acid (29)
 M - a wand of disintegration (29)
 O - a wand of iceblast (10)
 Q - a wand of scattershot (5)
 V - a wand of clouds (5)
Scrolls
 g - 12 scrolls of remove curse
 l - 9 scrolls of teleportation
 s - 2 scrolls of fear
 E - 2 scrolls of silence
 H - 3 scrolls of fog
 J - a scroll of blinking
 L - 3 scrolls of amnesia
 N - 9 scrolls of identify
Potions
 b - 7 potions of lignification
 e - 5 potions of magic
 f - 2 potions of heal wounds
 h - a potion of agility
 k - 10 potions of flight
 o - 4 potions of mutation
 r - 2 potions of might
 u - 2 potions of brilliance
 B - 2 potions of curing
 F - a potion of cancellation
 G - 4 potions of haste
 U - a potion of ambrosia
Comestibles
 c - 35 rations


   Skills:
 - Level 11.0 Fighting
 * Level 17.6 Axes
 - Level 5.6 Armour
 - Level 5.3 Dodging
 - Level 15.1 Shields
 - Level 9.8 Invocations


You had 15 spell levels left.
You didn't know any spells.
Your spell library contained the following spells:

 Spells                   Type           Power        Failure   Level  Hunger
 Animate Skeleton         Necr           N/A          100%        1    ##.....
 Apportation              Tloc           #.....       100%        1    ##.....
 Confusing Touch          Hex            #.....       100%        1    ##.....
 Magic Dart               Conj           #...         100%        1    ##.....
 Sandblast                Erth           #.....       100%        1    ##.....
 Sting                    Conj/Pois      #...         100%        1    ##.....
 Summon Small Mammal      Summ           #...         100%        1    ##.....
 Blink                    Tloc           N/A          100%        2    ###....
 Call Imp                 Summ           #.......     100%        2    ###....
 Corpse Rot               Necr           N/A          100%        2    ###....
 Passwall                 Tmut/Erth      #.......     100%        2    ###....
 Poisonous Vapours        Pois/Air       #.....       100%        2    ###....
 Slow                     Hex            #.......     100%        2    ###....
 Sublimation of Blood     Necr           #.........   100%        2    ###....
 Conjure Flame            Conj/Fire      #.......     100%        3    ####...
 Mephitic Cloud           Conj/Pois/Air  #.......     100%        3    ####...
 Recall                   Summ/Tloc      N/A          100%        3    ####...
 Stone Arrow              Conj/Erth      #.....       100%        3    ####...
 Animate Dead             Necr           N/A          100%        4    #####..
 Leda's Liquefaction      Hex/Erth       #.........   100%        4    #####..
 Olgreb's Toxic Radiance  Pois           #.......     100%        4    #####..
 Petrify                  Tmut/Erth      #.......     100%        4    #####..
 Agony                    Necr           #.......     100%        5    ######.
 Bolt of Draining         Conj/Necr      #.........   100%        5    ######.
 Bolt of Magma            Conj/Fire/Erth #.........   100%        5    ######.
 Borgnjor's Vile Clutch   Necr/Erth      #.........   100%        5    ######.
 Dispel Undead            Necr           #.......     100%        5    ######.
 Excruciating Wounds      Chrm/Necr      #.........   100%        5    ######.
 Iskenderun's Battlesphe  Conj/Chrm      #.......     100%        5    ######.
 Lee's Rapid Deconstruct  Erth           #.........   100%        5    ######.
 Summon Forest            Summ/Tloc      #.........   100%        5    ######.
 Venom Bolt               Conj/Pois      #.........   100%        5    ######.
 Death Channel            Necr           #.........   100%        6    #######
 Hydra Form               Tmut           #.........   100%        6    #######
 Iron Shot                Conj/Erth      #.........   100%        6    #######
 Simulacrum               Ice/Necr       #.........   100%        6    #######
 Orb of Destruction       Conj           #.........   100%        7    #######
 Spellforged Servitor     Conj/Summ      #.........   100%        7    #######
 Summon Hydra             Summ           #.........   100%        7    #######


Dungeon Overview and Level Annotations

Branches:
Dungeon (15/15)            Temple (0/1) D:5            Lair (6/6) D:8
 Shoals (4/4) Lair:3        Snake (0/4) Lair:2        Slime (0/5) Lair:6
    Orc (2/2) D:12            Elf (0/3) Orc:2        Vaults (0/5) D:13
 Depths (0/5) D:15

Altars:
Cheibriados
Okawaru
Ru
Beogh
Jiyva

Shops:
D:4 ?   D:5 *   D:7 }:%:   D:11 (   D:12 [   Orc:2 **?:(   Shoals:2 **

Annotations:
D:6 2 transporters, Iflex's ghost, novice MfGl
D:9 1 runed translucent door
D:12 2 transporters, bmj180's ghost, journeyman TrMo
Lair:2 3 runed translucent doors, Xudgha's ghost, journeyman MiFi; aze's ghost, journeyman DDFi


Innate Abilities, Weirdness & Mutations

You have sharp toenails.
You are mostly covered in slimy green scales. (AC +3)
Your flesh is cold resistant. (rC+)
You frequently emit foul miasma when damaged in melee.
You are mostly covered in sharp spines.
You are immune to rotting.
You are very dopey. (Int -4)
You are resistant to hostile enchantments. (MR+)
Your muscles are strong. (Str +2)


Message History

You block the drowned soul's attack.
The merfolk avatar chants its luring song.
The drowned soul touches you. The drowned soul drowns you!
* * * LOW HITPOINT WARNING * * *
Your unstable footing causes you to fumble your attack.
The drowned soul is struck by your spines.
The drowned soul touches you. The drowned soul drowns you!
* * * LOW HITPOINT WARNING * * *
Unknown command.
You slash the merfolk avatar!
The merfolk avatar is severely wounded.
The merfolk avatar chants its luring song.
Unknown command.
Your unstable footing causes you to fumble your attack.
The merfolk avatar chants its luring song.
Unknown command.
Your unstable footing causes you to fumble your attack.
The merfolk avatar chants its luring song.
The drowned soul touches you. The drowned soul drowns you!
You die...

##.).(.......≈.#
##............##
#...............
##.<............
#..............
###≈≈≈...........
##.≈≈≈≈≈≈...#.....
#≈≈≈≈≈≈≈≈≈..#.≈≈..
≈≈≈≈≈≈≈@≈≈≈...≈≈.?
≈≈≈≈≈≈≈m≈≈≈≈≈≈≈≈
≈≈≈≈≈≈≈≈≈≈≈≈≈≈≈≈≈≈
≈≈≈≈≈≈≈≈≈≈≈≈≈≈≈≈≈
≈≈≈≈≈≈≈≈≈≈≈≈≈≈≈≈≈
≈≈≈≈≈≈≈≈≈≈≈≈≈≈≈≈
################


You could see a merfolk avatar.

Vanquished Creatures
  A kraken (Shoals:1)
  A fire giant (D:15)
  A ghost moth (D:9)
  A merfolk javelineer (Shoals:3)
  3 merfolk impalers
  8 vault guards (D:13)
  3 hydras
  Erica (Lair:1)
  An ice dragon (D:14)
  2 catoblepae
  A merfolk aquamancer (Shoals:2)
  A merfolk avatar (Shoals:1)
  5 centaur warriors
  3 two-headed ogres
  4 orc high priests
  2 tengu warriors (D:14)
  2 death yaks (Lair:5)
  A death knight (D:14)
  7 sea snakes
  An orange crystal statue (D:15)
  4 unseen horrors
  5 orc knights
  A deep elf mage (D:14)
  A wolf spider zombie (D:15)
  A wolf spider (Lair:6)
  12 harpies
  6 fauns (Shoals:2)
  5 orc sorcerers (Orc:2)
  20 ugly things
  10 manticores
  3 cyclopes
  6 merfolk sirens
  5 centaur zombies
  A guardian serpent (Lair:6)
  16 black mambas
  6 elephants
  A water nymph (Shoals:1)
  Joseph (Lair:1)
  Psyche (D:8)
  5 gargoyles
  2 torpor snails
  3 kobold demonologists (D:10)
  A yaktaur (D:15)
  17 spiny frogs
  2 efreet
  A rime drake (Lair:1)
  2 trolls
  10 komodo dragons
  18 merfolk
  2 harpy zombies (Shoals:1)
  Grinder (D:5)
  A jumping spider (shapeshifter) (D:15)
  A polar bear (Lair:6)
  Prince Ribbit (D:6)
  2 hornets (Lair:6)
  11 hippogriffs
  2 harpy skeletons
  14 dream sheep
  12 blink frogs
  7 snapping turtles
  3 slime creatures (D:15)
  Sigmund (D:2)
  A shadow (D:11)
  2 water elementals (Shoals:2)
  47 yaks
  3 wraiths (D:11)
  3 redbacks (Lair:6)
  2 vampires (D:13)
  A fire bat (shapeshifter) (D:9)
  12 wyverns
  A centaur simulacrum (D:14)
  3 basilisks
  Eustachio (D:6)
  A hungry ghost (D:6)
  5 vampire mosquitoes
  4 wargs
  22 water moccasins
  4 ice beasts
  Duvessa (D:6)
  7 porcupines
  2 phantoms
  26 orc warriors
  4 sky beasts
  A hornet zombie (D:15)
  9 ogres
  4 wolves (Lair:3)
  20 centaurs
  2 necrophages (D:14)
  18 crocodiles
  Blork the orc (D:8)
  6 big kobolds
  2 hippogriff zombies (Shoals:1)
  18 bullfrogs
  A gnoll sergeant (D:11)
  A wyvern zombie (D:9)
  Dowan (D:6)
  3 scorpions
  14 killer bees
  6 wights
  An electric eel (Lair:3)
  11 crimson imps
  A quasit (D:10)
  2 howler monkeys (D:7)
  2 bullfrog zombies
  26 orc wizards
  25 orc priests
  A bullfrog skeleton (D:8)
  6 hounds
  2 jellies
  5 centaur skeletons
  Jessica (D:3)
  7 iguanas
  Ijyb (D:4)
  6 worker ants
  A hound zombie (D:8)
  A hound skeleton (D:7)
  Robin (D:3)
  5 gnolls (D:11)
  18 adders
  2 shadow imps
  12 white imps (Lair:4)
  An ooze (D:1)
  2 adder zombies
  An adder skeleton (D:4)
  2 worms
  6 dart slugs
  14 leopard geckos
  75 orcs
  11 bats
  5 giant cockroaches
  9 goblins
  5 hobgoblins
  2 jackals (D:5)
  21 kobolds
  3 quokkas
  A ball python (D:2)
  5 frilled lizards
  7 rats
  A fungus (Lair:6)
  2 plants (Shoals:1)
  3 tentacles (Shoals:1)
845 creatures vanquished.

Vanquished Creatures (others)
  6 hydras
  18 fungi
  16 plants
  11 tentacles (Shoals:1)
  5 withered plants (Lair:2)
56 creatures vanquished.

Grand Total: 901 creatures vanquished

Notes
Turn   | Place    | Note
-------+----------+-------------------------------------------
     0 | Abyss:1  | nuthulu the Demonspawn Abyssal Knight began the quest for
                  | the Orb.
     0 | Abyss:1  | Reached XP level 1. HP: 18/18 MP: 2/2
    27 | D:1      | Escaped the Abyss
    53 | D:1      | Reached skill level 1 in Dodging
    99 | D:1      | Reached skill level 2 in Axes
   137 | D:1      | Gained mutation: You are partially covered in sharp spines.
                  | [demonic ancestry]
   137 | D:1      | Reached XP level 2. HP: 21/24 MP: 3/3
   338 | D:1      | Reached ** piety under Lugonu
   426 | D:1      | Gained mutation: You are immune to rotting. [demonic
                  | ancestry]
   426 | D:1      | Reached XP level 3. HP: 29/29 MP: 4/4
  1210 | D:2      | Noticed Sigmund
  1451 | D:2      | Killed Sigmund
  1451 | D:2      | Reached skill level 3 in Axes
  1451 | D:2      | Reached XP level 4. HP: 26/37 MP: 5/5
  1451 | D:2      | Gained mutation: You have sharp toenails. [demonic
                  | ancestry]
  1451 | D:2      | Reached XP level 5. HP: 29/42 MP: 6/6
  2345 | D:3      | Noticed Robin
  2379 | D:3      | Killed Robin
  2537 | D:3      | Gained mutation: You are mostly covered in sharp spines.
                  | [demonic ancestry]
  2537 | D:3      | Reached XP level 6. HP: 48/48 MP: 7/7
  2764 | D:3      | Noticed Jessica
  2771 | D:3      | Killed Jessica
  2771 | D:3      | Reached skill level 4 in Axes
  3429 | D:3      | Reached *** piety under Lugonu
  3578 | D:4      | Noticed Ijyb
  3589 | D:4      | Killed Ijyb
  4383 | D:4      | Found Qith's Magic Scroll Shoppe.
  4471 | D:5      | Entered Level 5 of the Dungeon
  4471 | D:5      | Found Aqiom's Assorted Antiques.
  4550 | D:5      | Bought a tiny peridot amulet for 105 gold pieces
  4562 | D:5      | Gained mutation: You are partially covered in slimy green
                  | scales. (AC +2) [demonic ancestry]
  4562 | D:5      | Reached XP level 7. HP: 55/55 MP: 8/8
  4591 | D:5      | Found a staircase to the Ecumenical Temple.
  4876 | D:5      | Reached skill level 5 in Axes
  5043 | D:5      | Noticed Grinder
  5052 | D:5      | Killed Grinder
  5052 | D:5      | Reached skill level 5 in Fighting
  5600 | D:6      | Found a transporter.
  5604 | D:6      | Noticed a vampire
  5658 | D:6      | Reached XP level 8. HP: 26/62 MP: 9/9
  5776 | D:6      | Noticed Eustachio
  5790 | D:6      | Killed Eustachio
  6000 | D:6      | Noticed Duvessa
  6006 | D:6      | Noticed Dowan
  6006 | D:6      | Reached skill level 6 in Axes
  6013 | D:6      | Killed Dowan
  6015 | D:6      | Killed Duvessa
  6352 | D:6      | Found a transporter.
  6352 | D:6      | Noticed Iflex's ghost (novice MfGl)
  6355 | D:6      | Noticed Prince Ribbit
  6363 | D:6      | Killed Prince Ribbit
  6474 | D:6      | Reached **** piety under Lugonu
  6545 | D:6      | Reached skill level 5 in Armour
  6554 | D:7      | Reached skill level 7 in Axes
  6554 | D:7      | Gained mutation: You are mostly covered in slimy green
                  | scales. (AC +3) [demonic ancestry]
  6554 | D:7      | Reached XP level 9. HP: 52/69 MP: 10/10
  6767 | D:7      | Found Doust's Food Emporium.
  6927 | D:7      | Found Mysorgh's Book Shoppe.
  7321 | D:7      | Found Logiyqyl's Gadget Shoppe.
  7346 | D:7      | Reached skill level 5 in Dodging
  7399 | D:7      | Found Haajiwk's Book Emporium.
  8032 | D:8      | Reached skill level 8 in Axes
  8066 | D:8      | Noticed Blork the orc
  8073 | D:8      | Killed Blork the orc
  8073 | D:8      | Reached skill level 1 in Shields
  8188 | D:8      | Noticed Psyche
  8201 | D:8      | Killed Psyche
  8237 | D:8      | Found a staircase to the Lair.
  8250 | D:8      | Reached ***** piety under Lugonu
  8253 | D:8      | Reached XP level 10. HP: 44/77 MP: 11/11
  8525 | D:8      | Reached skill level 9 in Axes
  8920 | D:8      | Found a snail-covered altar of Cheibriados.
  9701 | D:9      | Noticed a two-headed ogre
  9745 | D:9      | Killed a two-headed ogre
  9745 | D:9      | Reached skill level 5 in Shields
 10316 | D:9      | Reached skill level 10 in Axes
 10348 | D:9      | Noticed a three-headed hydra
 10389 | D:9      | a three-headed hydra changed into something unseen
 10409 | D:9      | Killed a ghost moth
 10854 | D:9      | Noticed a two-headed ogre
 10859 | D:9      | Found a runed translucent door.
 10960 | D:9      | Noticed a centaur warrior
 10961 | D:9      | Noticed a harpy
 10961 | D:9      | Noticed a red ugly thing
 10961 | D:9      | a harpy changed into a queen bee
 10972 | D:9      | Reached XP level 11. HP: 83/83 MP: 14/14
 10979 | D:9      | Killed a centaur warrior
 10979 | D:9      | Reached skill level 5 in Invocations
 10989 | D:9      | Killed a red ugly thing
 11005 | D:9      | Got a faintly glowing bronze ring
 11007 | D:9      | Got a glittering wooden ring
 11008 | D:9      | Identified the cursed ring "Qeamub" {rC+ EV-2 Int-4 SInv}
                  | (You found it on level 9 of the Dungeon)
 11009 | D:9      | Identified the ring "Ihom" {rC+ Int+3 Stlth+} (You found it
                  | on level 9 of the Dungeon)
 11188 | D:10     | Entered Level 10 of the Dungeon
 11451 | Lair:1   | Entered Level 1 of the Lair of Beasts
 11745 | Lair:1   | Noticed a four-headed hydra
 11752 | Lair:1   | Banished a four-headed hydra
 11885 | Lair:1   | Found an iron altar of Okawaru.
 11905 | Lair:1   | Reached skill level 11 in Axes
 12311 | Lair:1   | Noticed Joseph
 12329 | Lair:1   | Killed Joseph
 12544 | Lair:1   | Noticed Erica
 12553 | Lair:1   | Killed Erica
 12657 | Lair:1   | You fall through a shaft!
 12681 | Lair:2   | Found a staircase to the Snake Pit.
 12859 | Lair:2   | Found a runed translucent gate.
 12860 | Lair:2   | Found a runed translucent gate.
 12861 | Lair:2   | Found a runed translucent gate.
 12863 | Lair:2   | Noticed Xudgha's ghost (journeyman MiFi)
 12863 | Lair:2   | Noticed aze's ghost (journeyman DDFi)
 13270 | Lair:2   | Noticed a five-headed hydra
 13272 | Lair:2   | Banished a five-headed hydra
 13451 | Lair:2   | Noticed a six-headed hydra
 13453 | Lair:2   | Banished a six-headed hydra
 13473 | Lair:2   | Gained mutation: You may emit foul miasma when damaged in
                  | melee. [demonic ancestry]
 13473 | Lair:2   | Reached XP level 12. HP: 71/89 MP: 11/18
 14191 | Lair:3   | Found a staircase to the Shoals.
 15227 | Lair:4   | Reached skill level 12 in Axes
 15827 | Lair:4   | Reached skill level 10 in Shields
 16922 | Lair:5   | Noticed a catoblepas
 16922 | Lair:5   | Noticed a six-headed hydra
 16934 | Lair:5   | Noticed a five-headed hydra
 16949 | Lair:5   | Banished a 13-headed hydra
 16965 | Lair:5   | Killed a five-headed hydra
 16965 | Lair:5   | Gained mutation: Your flesh is cold resistant. (rC+)
                  | [demonic ancestry]
 16965 | Lair:5   | Reached XP level 13. HP: 67/98 MP: 17/20
 17288 | Lair:5   | Reached skill level 13 in Axes
 18336 | Lair:6   | Entered Level 6 of the Lair of Beasts
 19032 | Lair:6   | Gained mutation: You are dopey. (Int -2) [potion of
                  | mutation]
 19032 | Lair:6   | Gained mutation: Your muscles are strong. (Str +2) [potion
                  | of mutation]
 19032 | Lair:6   | Gained mutation: You are resistant to hostile enchantments.
                  | (MR+) [potion of mutation]
 19480 | Lair:6   | Reached skill level 14 in Axes
 19480 | Lair:6   | Reached XP level 14. HP: 88/108 MP: 21/21
 20495 | Lair:6   | Found a staircase to the Slime Pits.
 20496 | Lair:6   | Found a viscous altar of Jiyva.
 21216 | D:10     | Reached ****** piety under Lugonu
 21286 | D:10     | Reached skill level 10 in Fighting
 22173 | D:11     | Found Pemevi's Weapon Shop.
 23021 | D:12     | Found Peprish's Antique Armour Shop.
 23024 | D:12     | Bought a pair of runed gloves for 202 gold pieces
 23058 | D:12     | Found a staircase to the Orcish Mines.
 23096 | D:12     | Found a roughly hewn altar of Beogh.
 23294 | D:12     | Found a transporter.
 23305 | D:12     | Noticed bmj180's ghost (journeyman TrMo)
 23337 | D:12     | Found a transporter.
 23437 | D:12     | You fall through a shaft for 2 floors!
 23794 | D:14     | Identified the +7 falchion of Dupnudwy {speed, *Corrode
                  | rN+++ Str-3 Dex+3}
 25496 | Orc:1    | Entered Level 1 of the Orcish Mines
 25513 | Orc:1    | Gained mutation: You frequently emit foul miasma when
                  | damaged in melee. [demonic ancestry]
 25513 | Orc:1    | Reached XP level 15. HP: 118/118 MP: 22/22
 25900 | Orc:2    | Entered Level 2 of the Orcish Mines
 25945 | Orc:2    | Gained mutation: You are very dopey. (Int -4) [a neqoxec]
 26006 | Orc:2    | Found Igeujid's Assorted Antiques.
 26027 | Orc:2    | Bought a scroll of enchant armour for 270 gold pieces
 26075 | Orc:2    | Found a staircase to the Elven Halls.
 26411 | Orc:2    | Found Werergh's Assorted Antiques.
 26463 | Orc:2    | HP: 4/118 [orc high priest/divine providence (12)]
 26470 | Orc:2    | HP: 3/118 [orc knight/+0 war axe of chopping (3)]
 26470 | Orc:2    | HP: 1/118 [orc high priest/+0 glaive (2)]
 26495 | Orc:2    | Reached skill level 15 in Shields
 26527 | Orc:2    | Found Pehih's Antique Weapon Emporium.
 26530 | Orc:2    | Found Haucw's Book Emporium.
 26532 | Orc:2    | Found Tel Dudoa's Magic Scroll Shop.
 26550 | Orc:2    | Bought a scorched helmet for 180 gold pieces
 26550 | Orc:2    | Identified the +2 helmet "Bedis" {rN+ Slay+2} (You bought
                  | it in a shop on level 2 of the Orcish Mines)
 27141 | D:13     | Found a gate to the Vaults.
 27666 | D:15     | Entered Level 15 of the Dungeon
 27884 | D:15     | Reached skill level 15 in Axes
 28097 | D:15     | Noticed a fire giant
 28255 | D:15     | Found a staircase to the Depths.
 29098 | D:15     | Found a sacrificial altar of Ru.
 29312 | D:15     | Killed a fire giant
 29788 | Shoals:1 | Entered Level 1 of the Shoals
 30230 | Shoals:1 | Noticed a kraken
 30254 | Shoals:1 | Killed a kraken
 30289 | Shoals:1 | Reached skill level 16 in Axes
 30483 | Shoals:1 | Reached XP level 16. HP: 125/125 MP: 23/23
 31237 | Shoals:2 | Found Eetotun's Eclectic Emporium.
 31268 | Shoals:2 | Bought a scroll of enchant weapon for 97 gold pieces
 31268 | Shoals:2 | Bought a scroll of enchant armour for 97 gold pieces
 31268 | Shoals:2 | Bought a +5 ring of evasion for 715 gold pieces
 31282 | Shoals:2 | Found Plog's Mass Market.
 31369 | Shoals:2 | Reached skill level 17 in Axes
 31766 | Shoals:3 | Identified a scroll of acquirement
 32678 | Shoals:4 | Entered Level 4 of the Shoals
 32731 | Shoals:4 | Drowned by a drowned soul

Skill      XL: |  1  2  3  4  5  6  7  8  9 10 11 12 13 14 15 16 |
---------------+-------------------------------------------------+-----
Dodging        | 1 2 3 4 5 |  5.3
Axes           | 2 3 4 5 7 8 10 11 12 14 16 17 | 17.6
Armour         | 2 3 4 5 |  5.6
Fighting       | 4 5 6 7 9 11 | 11.0
Shields        | 3 6 8 10 12 14 15 | 15.1
Invocations    | 4 8 9 |  9.8

Action                   |  1- 3 |  4- 6 |  7- 9 | 10-12 | 13-15 | 16-18 || total
-------------------------+-------+-------+-------+-------+-------+-------++-------
Melee: Hand axe          |    80 |   100 |   229 |   715 |   819 |       ||  1943
       Kick              |       |    22 |    10 |       |       |       ||    32
       Broad axe         |       |       |       |       |   645 |   330 ||   975
Invok: Banish            |       |       |       |     7 |     3 |       ||    10
       Bend Space        |       |       |       |       |     1 |       ||     1
Evoke: Wand              |       |       |       |     4 |     5 |       ||     9
  Use: Scroll            |     4 |     7 |     9 |    13 |    10 |     6 ||    49
       Potion            |       |       |       |     7 |    12 |       ||    19
 Stab: Sleeping          |       |     2 |       |       |       |       ||     2
       Paralysed         |       |       |       |     3 |       |       ||     3
       Invisible         |       |       |       |     1 |    17 |       ||    18
       Petrified         |       |       |       |     6 |    11 |       ||    17
       Petrifying        |       |       |       |     1 |     1 |       ||     2
  Eat: Chunk             |     1 |     7 |    10 |    15 |    16 |     6 ||    55
       Ration            |     1 |       |     1 |     4 |    10 |     1 ||    17
Armor: Leather armour    |    29 |    21 |       |       |       |       ||    50
       Scale mail        |       |     7 |    86 |    22 |       |       ||   115
       Plate armour      |       |       |       |   305 |   692 |   150 ||  1147
Dodge: Dodged            |    62 |    56 |   128 |   155 |   497 |   167 ||  1065
Block: Shield            |       |       |    10 |   292 |  1005 |   246 ||  1553
